 Dungeon Crawl Stone Soup version 0.20-a0-1062-g7b787ac (webtiles) character file.

792 kuniqs the Chopper (level 7, -11/61 HPs)
             Began as a Hill Orc Gladiator on Apr 27, 2017.
             Mangled by Prince Ribbit (14 damage)
             ... on level 7 of the Dungeon.
             The game lasted 00:06:08 (4562 turns).

kuniqs the Chopper (Hill Orc Gladiator)             Turns: 4562, Time: 00:06:09

Health: -11/61     AC: 12    Str: 17    XL:     7   Next: 88%
Magic:  7/7        EV:  9    Int:  8    God:
Gold:   175        SH:  0    Dex: 14    Spells: 6/6 levels left

rFire    . . .     SeeInvis .   a - +0 war axe
rCold    . . .     Gourm    +   (no shield)
rNeg     . . .     Faith    .   m - +0 chain mail
rPois    .         Spirit   .   v - +0 helmet
rElec    .         Reflect  .   t - +0 cloak
rCorr    +         Harm     .   (no gloves)
MR       .....                  (no boots)
Stlth    ..........             y - amulet of the gourmand
Regen    0.2/turn               r - ring of flight
MPRegen  0.1/turn               u - ring of resist corrosion

@: no status effects
A: no striking features
a: Evoke Flight


You were on level 7 of the Dungeon.
You were very full.

You visited 1 branch of the dungeon, and saw 6 of its levels.

You collected 175 gold pieces.

Inventory:

Hand Weapons
 a - a +0 war axe (weapon)
Missiles
 l - 3 throwing nets (quivered)
Armour
 m - a +0 chain mail (worn)
 t - a +0 cloak (worn)
 v - a +0 helmet (worn)
Jewellery
 j - a +2 ring of evasion {unknown}
 r - a ring of flight (left hand)
 u - a ring of resist corrosion (right hand)
 y - an amulet of the gourmand (around neck)
 B - a +3 ring of dexterity {unknown}
Scrolls
 b - 4 scrolls of identify {unknown}
 c - a scroll of blinking {unknown}
 g - 2 scrolls of random uselessness {unknown}
 h - a scroll of immolation {unknown}
 k - 5 scrolls of remove curse {unknown}
 n - 2 scrolls of enchant weapon {unknown}
 q - a scroll of enchant armour {unknown}
 s - 2 scrolls of noise {unknown}
 w - a scroll of magic mapping {unknown}
 x - 2 scrolls of teleportation {unknown}
Potions
 o - a potion of mutation {unknown}
 p - a potion of lignification {unknown}
 z - 2 potions of curing {unknown}
 A - a potion of resistance {unknown}
Comestibles
 d - 5 bread rations
 e - 3 meat rations
 f - 7 fruits
 i - 3 royal jellies


   Skills:
 + Level 5.5 Fighting
 + Level 6.8 Axes
 - Level 1.7 Throwing
 + Level 4.5 Armour
 + Level 4.2 Dodging


You had 6 spell levels left.
You didn't know any spells.

Dungeon Overview and Level Annotations

Branches:
Dungeon (8/15)
 Temple: D:4-7         Lair: D:8-11

Altars:
Cheibriados
Kikubaaqudgha
Okawaru
Xom
Zin

Annotations:
D:7 Prince Ribbit


Message History

You hit Prince Ribbit.
Prince Ribbit hits you but does no damage.
Prince Ribbit barely misses you.
You miss Prince Ribbit. Prince Ribbit hits you!
You hit Prince Ribbit. Prince Ribbit hits you! Prince Ribbit barely misses you.
You are too injured to fight recklessly!
You are too injured to fight recklessly!
You barely miss Prince Ribbit. Prince Ribbit hits you.
Prince Ribbit hits you but does no damage.
You barely miss Prince Ribbit.
Prince Ribbit blinks!
Prince Ribbit hops awkwardly around.
Prince Ribbit closely misses you.
You miss Prince Ribbit. Prince Ribbit hits you!
* * * LOW HITPOINT WARNING * * *
You miss Prince Ribbit. Prince Ribbit barely misses you.
Prince Ribbit hits you but does no damage.
You closely miss Prince Ribbit. Prince Ribbit hits you!
* * * LOW HITPOINT WARNING * * *
Prince Ribbit hits you!
You die...

#. #.### #(..#
#.# #.# #.#
#.# #.# #@#
#F#
############.#
#............#
#.############
#.# #.# #.#
#.#


You could see Prince Ribbit.

Vanquished Creatures
  An ice beast (D:7)
  An ogre (D:4)
  A big kobold (D:4)
  3 hounds (D:4)
  2 jellies (D:7)
  An orc wizard (D:4)
  An iguana (D:4)
  4 worker ants
  A hound skeleton (D:7)
  A hound zombie (D:7)
  7 gnolls
  6 adders
  2 oozes
  2 worms
  6 leopard geckos
  12 orcs
  3 ball pythons
  7 bats
  4 giant cockroaches
  6 goblins
  8 hobgoblins
  2 jackals (D:3)
  7 kobolds
  2 quokkas
  3 frilled lizards
  A jackal skeleton (D:4)
  8 rats
102 creatures vanquished.

Notes
Turn   | Place    | Note
-------+----------+-------------------------------------------
     0 | D:1      | kuniqs the Hill Orc Gladiator began the quest for the Orb.
     0 | D:1      | Reached XP level 1. HP: 18/18 MP: 1/1
   316 | D:1      | Reached XP level 2. HP: 21/25 MP: 2/2
   343 | D:1      | Reached skill level 1 in Armour
   742 | D:1      | Reached XP level 3. HP: 25/30 MP: 3/3
  1561 | D:2      | Reached XP level 4. HP: 33/38 MP: 4/4
  2307 | D:2      | Reached XP level 5. HP: 45/45 MP: 5/5
  2442 | D:2      | Found a shimmering altar of Xom.
  2609 | D:3      | Reached skill level 5 in Axes
  2741 | D:3      | Found an iron altar of Okawaru.
  3099 | D:4      | Reached XP level 6. HP: 46/52 MP: 6/6
  3463 | D:4      | Reached skill level 6 in Axes
  3463 | D:4      | Reached XP level 7. HP: 51/60 MP: 7/7
  3613 | D:4      | Found a snail-covered altar of Cheibriados.
  3645 | D:4      | Reached skill level 5 in Fighting
  3682 | D:4      | Found a glowing silver altar of Zin.
  3924 | D:4      | Found an ancient bone altar of Kikubaaqudgha.
  4038 | D:4      | You fall through a shaft for 3 floors!
  4539 | D:7      | Noticed Prince Ribbit
  4562 | D:7      | HP: 3/61 [Prince Ribbit (7)]
  4562 | D:7      | Mangled by Prince Ribbit

Vault maps used:
D:1:      scummos_arrival_simple_fountains
D:2:      minmay_liquid_box, tgw_xom
D:3:      lemuel_crystal_altar, first_bread, item_on_display_a
D:4:      lemuel_doored_altar, kennysheep_little_box, marbit_many_paths
D:7:      nicolae_overflow_hidden_temple, eino_tiny_chamber,
          uniq_prince_ribbit1, uniq_crazy_yiuf_cottage, uniq_pikel
D:8:      chequers_temple_overflow_statue_of_worship, led_sif_book,
          gammafunk_temple_overflow_pools, the_bakery, st_stairs_3, uniq_erica,
          uniq_joseph, uniq_maurice

Skill      XL: |  1  2  3  4  5  6  7 |
---------------+----------------------+-----
Armour         | 1 2 3 4 |  4.5
Fighting       | 3 4 5 |  5.5
Dodging        | 3 4 |  4.2
Axes           | 5 6 |  6.8
Throwing       | |  1.7

Action                   |  1- 3 |  4- 6 |  7- 9 || total
-------------------------+-------+-------+-------++-------
Melee: War axe           |    95 |   194 |    84 ||   373
  Eat: Chunk             |     2 |    21 |     2 ||    25
Armor: Leather armour    |     5 |       |       ||     5
       Chain mail        |    50 |   156 |    47 ||   253
Dodge: Dodged            |    55 |   110 |    42 ||   207
